AoeStats
← 铁证如山王洪文

Arena

509614219Analyzed
4v4 RM · 4d ago on Sep 27, 2026· 53m 30s· 8 players
Game mode
Random Map
Map size
Large (8 player)
Population
200
Speed
Normal
Resources
Standard
Victory
Conquest
Starting age
Dark Age
Ending age
Imperial Age
RankedLock teamsTeams togetherTeam positionsShared explorationLock speedFull tech treeHidden civsTurbo modeCheats
Victory
Defeat
🇭🇰 Persians · Hong Kong SAR China
1403
+11
🇨🇳 Italians · China
1348
+13
🇹🇷 Gurjaras · Türkiye
1345
+13
🇨🇳 Maya · China
1285
+17
🇳🇱 Persians · Netherlands
1319
-15
🇫🇷 Danes · France
1294
-14
🇫🇮 Britons · Finland
1279
-13
1261
-12
七七2025
11:35 Feudal Age
12:27 Double-Bit Axe
15:26 Castle Age
13:22 Horse Collar
16:55 Bow Saw
16:48 Heavy Plow
19:38 Gold Mining
20:53 Loom
21:52 Wheelbarrow
22:48 Fletching
24:13 Hand Cart
24:57 Bodkin Arrow
25:03 Padded Archer Armor
26:06 Ballistics
28:20 Town Watch
29:57 Thumb Ring
36:32 Imperial Age
35:02 Pikeman
37:31 Conscription
39:25 Two-Man Saw
44:21 Chemistry
43:33 Masonry
45:23 Elite Genoese Crossbowman
47:20 Hoardings
50:37 Leather Archer Armor
50:23 Bracer
51:04 Architecture
52:17 Crop Rotation
54:29 Ring Archer Armor
白桃桃
10:30 Feudal Age
11:42 Loom
12:37 Double-Bit Axe
12:41 Horse Collar
15:36 Castle Age
16:02 Town Watch
18:32 Wheelbarrow
18:10 Bow Saw
20:49 Fletching
25:07 Gold Mining
30:30 Imperial Age
28:33 Fletching
31:01 Ballistics
30:42 Bodkin Arrow
30:49 Stone Mining
31:28 Bracer
32:03 Pikeman
33:08 Halberdier
35:17 Padded Archer Armor
36:25 Scale Mail Armor
36:09 Elite Plumed Archer
39:28 Conscription
39:58 Chain Mail Armor
40:40 Herbal Medicine
43:44 Leather Archer Armor
43:39 Forging
45:41 Ring Archer Armor
46:37 Squires
51:28 Town Patrol
51:44 Hand Cart
53:13 Plate Mail Armor
53:18 Iron Casting
54:04 Guilds
铁证如山王洪文
11:25 Feudal Age
12:55 Double-Bit Axe
15:43 Castle Age
13:57 Horse Collar
17:16 Bow Saw
18:00 Loom
21:44 Wheelbarrow
23:04 Forging
23:25 Bloodlines
24:26 Town Watch
24:51 Gold Mining
26:33 Heavy Plow
27:34 Gold Shaft Mining
30:11 Imperial Age
28:38 Kshatriyas
27:58 Light Cavalry
28:38 Fletching
29:03 Scale Barding Armor
31:12 Husbandry
31:51 Iron Casting
31:36 Chain Barding Armor
31:05 Heavy Camel Rider
32:41 Onager
34:00 Conscription
34:19 Ballistics
34:59 Chemistry
34:37 Plate Barding Armor
33:58 Bodkin Arrow
34:03 Padded Archer Armor
36:25 Frontier Guards
38:16 Sanctity
40:53 Elite Shrivamsha Rider
41:35 Bracer
41:54 Leather Archer Armor
44:49 Masonry
44:49 Fortified Wall
45:08 Elite Elephant Archer
46:54 Thumb Ring
46:38 Hussar
50:09 Architecture
49:40 Bracer
49:41 Scale Mail Armor
49:28 Arson
49:05 Man-at-Arms
51:33 Crop Rotation
51:15 Stone Mining
53:27 Redemption
EBE_3
11:02 Feudal Age
14:32 Castle Age
12:21 Double-Bit Axe
12:58 Horse Collar
15:35 Bow Saw
15:14 Town Watch
16:17 Wheelbarrow
21:04 Heavy Plow
21:14 Scale Barding Armor
21:51 Gold Mining
22:46 Bloodlines
22:37 Husbandry
22:50 Forging
24:10 Hand Cart
25:29 Gold Shaft Mining
30:17 Imperial Age
27:37 Loom
27:52 Town Patrol
28:39 Stone Mining
30:11 Iron Casting
29:57 Chain Barding Armor
31:02 Stone Shaft Mining
30:18 Fletching
29:59 Cavalier
31:03 Scale Mail Armor
32:03 Blast Furnace
31:30 Savar
32:46 Plate Barding Armor
33:55 Heavy Camel Rider
38:32 Conscription
39:17 Chemistry
38:14 Murder Holes
38:29 Masonry
41:45 Bodkin Arrow
42:59 Chain Mail Armor
42:45 Pikeman
43:25 Squires
43:34 Arson
43:34 Gambesons
44:21 Plate Mail Armor
43:53 Halberdier
45:12 Padded Archer Armor
46:55 Elite Skirmisher
47:49 Light Cavalry
The REAL Pepsiman
10:57 Feudal Age
14:44 Castle Age
13:06 Double-Bit Axe
15:53 Wheelbarrow
20:30 Wheelbarrow
20:12 Gold Mining
20:32 Town Watch
20:49 Stone Mining
20:47 Loom
22:23 Hand Cart
23:21 Forging
23:12 Scale Mail Armor
23:32 Arson
30:43 Imperial Age
29:11 Chain Mail Armor
31:32 Iron Casting
30:24 Hamask
31:45 Conscription
31:58 Plate Mail Armor
32:04 Conscription
31:28 Onager
34:11 Siege Engineers
36:04 Elite Jomsviking
39:39 Blast Furnace
41:46 Squires
41:08 Elite Varangian Guard
42:39 Bow Saw
49:03 Siege Onager
Ther_
10:47 Feudal Age
11:44 Double-Bit Axe
14:21 Castle Age
12:11 Horse Collar
15:46 Bow Saw
22:05 Wheelbarrow
22:59 Heavy Plow
23:37 Hand Cart
23:41 Stone Mining
23:42 Gold Mining
24:27 Loom
25:35 Stone Shaft Mining
25:36 Gold Shaft Mining
28:28 Imperial Age
25:44 Town Watch
26:52 Masonry
28:06 Husbandry
28:16 Bloodlines
28:18 Elite War Elephant
29:18 Conscription
29:39 Scale Barding Armor
29:45 Forging
30:48 Devotion
32:11 Iron Casting
32:29 Chain Barding Armor
34:26 Faith
36:54 Citadels
38:47 Plate Barding Armor
39:12 Blast Furnace
39:17 Architecture
39:24 Hoardings
41:04 Chemistry
41:37 Two-Man Saw
41:07 Crop Rotation
43:20 Caravan
43:21 Light Cavalry
44:43 Hussar
48:15 Padded Archer Armor
48:06 Fletching
50:22 Leather Archer Armor
将军坟前无人问,戏子
0:39 Loom
11:14 Feudal Age
15:29 Castle Age
13:36 Horse Collar
16:05 Wheelbarrow
16:56 Double-Bit Axe
23:09 Bow Saw
23:16 Town Watch
26:04 Masonry
26:26 Hand Cart
26:43 Fortified Wall
28:42 Heavy Plow
29:09 Ballistics
29:49 Gold Mining
30:40 Stone Mining
33:59 Imperial Age
31:00 Pikeman
31:49 Fletching
31:49 Gambesons
32:26 Ironclad
32:23 Scale Mail Armor
32:34 Forging
34:25 Squires
34:00 Halberdier
35:59 Chain Mail Armor
36:19 Iron Casting
37:48 Crenellations
38:04 Conscription
39:07 Arson
39:23 Squires
40:15 Plate Mail Armor
41:46 Two-Man Saw
PaidatonPillastuja
10:34 Feudal Age
15:17 Castle Age
14:04 Double-Bit Axe
14:09 Horse Collar
17:09 Loom
Connection lost

Rejoining the realm…

Still unreachable

The connection could not be restored.

Session expired

The server has moved on; the page needs a fresh start.